 Dungeon Crawl Stone Soup version 0.30-a0-58-gc0703345a7 (webtiles) character file.

Game seed: 16489504855578134326

1310 tilp the Grave Robber (level 8, -6/62 HPs)
             Began as a Mummy Necromancer on Sept 11, 2022.
             Mangled by a gnoll
             ... wielding a +0 halberd
             ... led by a gnoll sergeant
              (9 damage)
             ... on level 7 of the Dungeon.
             The game lasted 00:12:41 (8083 turns).

tilp the Grave Robber (Mummy Necromancer)           Turns: 8083, Time: 00:12:42

Health: -6/62      AC:  6    Str: 11    XL:     8   Next: 32%
Magic:  2/14       EV: 12    Int: 17    God:
Gold:   381        SH:  0    Dex: 12    Spells: 12/16 levels left

rFire   x . .      SeeInvis .    a - +2 dagger (speed)
rCold   + . .      Faith    .    (no shield)
rNeg    + + +      Spirit   .    b - +0 robe
rPois   ∞          Reflect  .    k - +0 helmet
rElec   .          Harm     .    o - +1 cloak
rCorr   +          Rampage  .    p - +0 pair of gloves
Will    +....                    (no boots)
Stlth   ++........               j - amulet of magic regeneration
HPRegen 0.20/turn                l - ring of wizardry
MPRegen 0.54/turn                i - ring of resist corrosion

@: no status effects
A: cold resistance 1, negative energy resistance 3, torment resistance 2, heat
vulnerability 1, in touch with death 1, no potions
a: no special abilities


You were on level 7 of the Dungeon.
You visited 1 branch of the dungeon, and saw 7 of its levels.
You also visited: Ossuary.

You collected 381 gold pieces.

Inventory:

Hand Weapons
 a - a +2 dagger of speed (weapon)
Missiles
 d - 54 stones
 g - a throwing net
 h - 2 boomerangs of dispersal
 m - 13 poisoned darts (quivered)
Armour
 b - a +0 robe (worn)
 k - a +0 helmet (worn)
 o - a +1 cloak (worn)
 p - a +0 pair of gloves (worn)
Jewellery
 i - a ring of resist corrosion (right hand)
 j - an amulet of magic regeneration (around neck)
 l - a ring of wizardry (left hand)
Wands
 f - a wand of roots (13)
Scrolls
 c - a scroll of fear
 e - 2 scrolls of teleportation
 n - a scroll of poison
 q - 2 scrolls of enchant weapon
 r - a scroll of vulnerability {unknown}
 s - a scroll of magic mapping
 t - a scroll of enchant armour {unknown}


   Skills:
 * Level 5.3 Fighting
 - Level 3.0 Dodging
 - Level 4.0 Stealth
 + Level 4.5 Spellcasting
 + Level 6.6 Necromancy
 - Level 2.0 Evocations


You had 12 spell levels left.
You knew the following spells:

 Your Spells              Type           Power      Damage    Failure   Level
a - Necrotise             Necr           100%       1d9       1%          1
b - Vampiric Draining     Necr           39%        2d8       1%          3

Your spell library contained the following spells:

 Spells                   Type           Power      Damage    Failure   Level
 Animate Dead             Necr           39%        N/A       4%          4
 Foxfire                  Conj/Fire      12%        2x1d4     6%          1
 Magic Dart               Conj           12%        1d3       6%          1
 Call Imp                 Summ           3%         N/A       9%          2
 Agony                    Necr           39%        N/A       11%         5
 Conjure Flame            Conj/Fire      3%         6-21      17%         3
 Inner Flame              Hex/Fire       3%         N/A       17%         3
 Mephitic Cloud           Conj/Pois/Air  3%         N/A       17%         3
 Flame Wave               Conj/Fire      3%         2d5       50%         4


Dungeon Overview and Level Annotations

Branches:
Dungeon (7/15)             Temple (0/1) D:7         Ossuary (visited)

Altars:
Fedhas
Uskayaw
Xom
Yredelemnul


Innate Abilities, Weirdness & Mutations

You are immune to poison.
Your flesh is cold resistant. (rC+)
You are immune to negative energy. (rN+++)
You are immune to unholy pain and torment.
You are vulnerable to heat. (rF-)
You are in touch with the powers of death.
You do not drink.


Message History

Aiming: Vampiric Draining (safe; 1% risk of failure)
Press: ? - help, Shift-Dir - straight line, f/p - gnoll
Aim: a gnoll, wielding a +0 halberd (severely wounded)
You feel a surge of power!
You draw life force from the gnoll!
You kill the gnoll!
You feel life coursing into your body.
The gnoll hits you from afar with a +0 halberd!
* * * LOW HITPOINT WARNING * * *
The gnoll attacks as you move away! The gnoll closely misses you.
The gnoll attacks as you move away! The gnoll hits you with a +0 whip.
* * * LOW HITPOINT WARNING * * *
Casting: Vampiric Draining (safe; 1% risk of failure)
Confirm with . or Enter, or press ? or * to list all spells.
Aiming: Vampiric Draining (safe; 1% risk of failure)
Press: ? - help, Shift-Dir - straight line, f - gnoll
Aim: a gnoll, wielding a +0 whip You feel a surge of power!
You draw life force from the gnoll.
You feel life coursing into your body. The gnoll hits you but does no damage.
The gnoll misses you.
Unknown command.
Casting: Vampiric Draining (safe; 1% risk of failure)
Confirm with . or Enter, or press ? or * to list all spells.
Aiming: Vampiric Draining (safe; 1% risk of failure)
Press: ? - help, Shift-Dir - straight line, f/p - gnoll
Aim: a gnoll, wielding a +0 whip (moderately wounded)
You feel a surge of power!
You draw life force from the gnoll!
You feel life coursing into your body. The gnoll hits you with a +0 whip.
* * * LOW HITPOINT WARNING * * *
The gnoll hits you from afar with a +0 halberd.
* * * LOW HITPOINT WARNING * * *
Casting: Vampiric Draining (safe; 1% risk of failure)
Confirm with . or Enter, or press ? or * to list all spells.
Aiming: Vampiric Draining (safe; 1% risk of failure)
Press: ? - help, Shift-Dir - straight line, f/p - gnoll
Aim: a gnoll, wielding a +0 whip (severely wounded)
You feel a surge of power!
You draw life force from the gnoll!
You kill the gnoll!
You feel life coursing into your body.
The gnoll hits you from afar with a +0 halberd!
You die...

#########
#.@)g.).#
#.#####.#
#.#..<#.#
#.###.#.#
#.....#g#
#######...⌠g(>.
..#...g..
...####g..
###.# ⌠.


You could see a gnoll.

Vanquished Creatures
  2 black bears
  A phantom (D:5)
  2 bullfrogs (D:6)
  A kobold brigand (D:4)
  A gnoll sergeant (D:7)
  2 scorpions
  4 killer bees (D:6)
  A hound (D:5)
  A jelly (D:5)
  2 orc priests (D:5)
  4 iguanas
  Ijyb (D:4)
  2 orc wizards (D:5)
  A killer bee zombie (Ossuary)
  4 mummies
  2 adders
  2 gnolls (D:7)
  An ufetubus (D:4)
  2 worms (D:3)
  5 orcs (D:5)
  9 endoplasms
  2 giant cockroaches
  12 goblins
  9 hobgoblins
  6 quokkas
  8 ball pythons
  7 bats
  A frilled lizard (D:4)
  A hobgoblin zombie (D:4)
  11 kobolds
  An orc zombie (D:4)
  5 rats
113 creatures vanquished.

Vanquished Creatures (collateral kills)
  3 rats
3 creatures vanquished.

Vanquished Creatures (others)
  12 plants (D:4)
  4 toadstools (D:5)
  A withered plant (Ossuary)
17 creatures vanquished.

Grand Total: 133 creatures vanquished

Notes
Turn   | Place    | Note
-------+----------+-------------------------------------------
     0 | D:1      | tilp the Mummy Necromancer began the quest for the Orb.
     0 | D:1      | Reached XP level 1. HP: 13/13 MP: 4/4
   279 | D:1      | Reached XP level 2. HP: 20/20 MP: 1/5
  1550 | D:2      | Gained mutation: You are in touch with the powers of death.
                  | [Mummy growth]
  1550 | D:2      | Reached XP level 3. HP: 25/25 MP: 4/7
  1558 | D:2      | Learned a level 3 spell: Vampiric Draining
  1568 | D:2      | Reached skill level 1 in Fighting
  1766 | D:2      | Found a blossoming altar of Fedhas.
  2602 | D:2      | Found a blossoming altar of Fedhas.
  3047 | D:2      | Found a blossoming altar of Fedhas.
  3476 | D:3      | Reached XP level 4. HP: 32/32 MP: 6/8
  3959 | D:3      | Identified the +0 robe "Jont" {rElec}
  4139 | D:4      | Found a shimmering altar of Xom.
  4213 | D:4      | Noticed Ijyb
  4216 | D:4      | Killed Ijyb
  4217 | D:4      | Reached skill level 5 in Necromancy
  4235 | D:4      | Found a sand-covered staircase.
  4276 | Ossuary  | Entered an ossuary
  4306 | Ossuary  | Reached XP level 5. HP: 6/38 MP: 9/9
  5113 | D:4      | Reached skill level 6 in Necromancy
  5367 | D:4      | Reached XP level 6. HP: 47/47 MP: 5/10
  5818 | D:5      | Entered Level 5 of the Dungeon
  6421 | D:5      | Found a basalt altar of Yredelemnul.
  6476 | D:5      | Reached XP level 7. HP: 47/53 MP: 6/12
  6524 | D:5      | Found a hide-covered altar of Uskayaw.
  6671 | D:5      | Reached skill level 1 in Evocations
  7165 | D:6      | Reached XP level 8. HP: 55/61 MP: 2/14
  7937 | D:6      | Reached skill level 5 in Fighting
  8056 | D:7      | Found a staircase to the Ecumenical Temple.
  8079 | D:7      | HP: 3/62 [gnoll/+0 whip[a gnoll sergeant] (1)]
  8083 | D:7      | Mangled by a gnoll

Illustrated notes

Levels and vault maps discovered:
D:1:      elethiomel_arrival_infinity_welcomes_careful_drivers,
          layout_loops_ring
D:2:      layout_basic, basic_altar, minmay_goblin_outpost
D:3:      layout_loops_ring, chequers_hall_statues_y, chequers_jeans
D:4:      layout_loops_ring, mainiacjoe_overflow_paths,
          nicolae_ossuary_entry_giza, chequers_big_river, minivault_23,
          lexackson_kobold_supper, uniq_ijyb
D:5:      layout_basic, mainiacjoe_overflow_24_doors, overflow_temple_1_default,
          minmay_gold_behind_fungi, nicolae_sextant
D:6:      layout_gridville
D:7:      layout_basic, minmay_temple_entry_junction, bh_walls_and_bars,
          uniq_joseph

Skill      XL: |  1  2  3  4  5  6  7  8 |
---------------+-------------------------+-----
Spellcasting   | 3 4 |  4.5
Fighting       | 1 2 3 4 5 |  5.3
Stealth        | 2 3 4 |  4.0
Dodging        | 2 3 |  3.0
Necromancy     | 5 6 |  6.6
Evocations     | 1 2 |  2.0

Action                   |  1- 3 |  4- 6 |  7- 9 || total
-------------------------+-------+-------+-------++-------
Melee: Dagger            |     8 |    47 |    41 ||    96
Throw: Stone             |    15 |     3 |     2 ||    20
       Boomerang         |       |     2 |       ||     2
       Dart              |       |       |     8 ||     8
 Cast: Necrotise         |    81 |    56 |    22 ||   159
       Vampiric Draining |       |    17 |    31 ||    48
Evoke: Wand              |       |     6 |       ||     6
  Use: Scroll            |     2 |     6 |       ||     8
 Stab: Sleeping          |       |     5 |     4 ||     9
Armor: Robe              |     4 |     4 |    24 ||    32
Dodge: Dodged            |    16 |    29 |    31 ||    76

Table legend: (Time is in decaauts)
 A = Elapsed time spent in this place.
 B = Non-inter-level travel time spent in this place.
 C = Inter-level travel time spent in this place.
 D = Time resting spent in this place.
 E = Time spent auto-exploring this place.
 F = Levels seen in this place.
 G = Mean time per level.
                   A        B        C        D        E       F      G
               +--------+--------+--------+--------+--------+-----+--------+
         Total |   8061 |   7737 |    324 |    872 |   5938 |   8 | 1007.6 |
       Dungeon |   8012 |   7688 |    324 |    855 |   5938 |   7 | 1144.6 |
       Ossuary |     48 |     48 |      0 |     17 |      0 |   1 |   48.0 |
               +--------+--------+--------+--------+--------+-----+--------+

Top non-repeatable levels by time:
     D:2: 1880 daAuts
     D:4: 1641 daAuts
     D:1: 1540 daAuts
     D:5: 1191 daAuts
     D:6: 1016 daAuts
     D:3: 699 daAuts
 Ossuary: 48 daAuts
     D:7: 42 daAuts
